 Dungeon Crawl Stone Soup version 0.26-a0-597-gb535b0901c (webtiles) character file.

Game seed: 9010530848116324809

118473 HoaS the Warrior (level 17, -3/148 HPs)
             Began as a Formicid Fighter on Aug 26, 2020.
             Was the Champion of Makhleb.
             Slain by a spark wasp (14 damage)
             ... led by a torpor snail
             ... on level 3 of the Spider Nest on Aug 27, 2020.
             The game lasted 01:11:20 (29653 turns).

HoaS the Warrior (Formicid Fighter)                Turns: 29653, Time: 01:11:20

Health: -3/148     AC: 34    Str: 26    XL:     17   Next: 31%
Magic:  17/17      EV:  8    Int:  9    God:    Makhleb [******]
Gold:   973        SH: 15    Dex: 11    Spells: 16/16 levels left

rFire    + . .     SeeInvis +   w - +6 lajatang (vorpal)
rCold    . . .     Faith    .   y - +2 kite shield {reflect}
rNeg     . . .     Spirit   .   J - +5 plate armour {rF+}
rPois    +         Reflect  +   (helmet unavailable)
rElec    .         Harm     .   B - +1 cloak {rPois}
rCorr    +                      I - +0 pair of gloves
MR       +....                  u - +1 pair of boots
Stlth    ..........             f - amulet of the acrobat
HPRegen  0.34/turn              F - +4 ring of protection
MPRegen  0.15/turn              x - ring of resist corrosion

@: studying Fighting
A: permanent stasis, dig shafts and tunnels, four strong arms, antennae 3
a: Dig, Shaft Self, Minor Destruction, Lesser Servant of Makhleb, Major
Destruction, Greater Servant of Makhleb, Renounce Religion


You were on level 3 of the Spider Nest.
You worshipped Makhleb.
Makhleb was exalted by your worship.
You visited 5 branches of the dungeon, and saw 27 of its levels.
You also visited: Gauntlet.

You collected 2735 gold pieces.
You spent 1762 gold pieces at shops.

Inventory:

Hand Weapons
 q - a +2 spectral quarterstaff
 w - a +6 vorpal lajatang (weapon)
Armour
 u - a +1 pair of boots (worn)
 y - a +2 kite shield of reflection (worn)
 B - a +1 cloak of poison resistance (worn)
 I - a +0 pair of gloves (worn)
 J - a +5 plate armour of fire resistance (worn)
Jewellery
 c - a +6 ring of dexterity
 f - an amulet of the acrobat (around neck)
 x - a ring of resist corrosion (right hand)
 F - a +4 ring of protection (left hand)
 H - an uncursed ring of stealth
Wands
 h - a wand of digging (16)
 n - a wand of iceblast (17)
 r - a wand of random effects (91)
 t - a wand of flame (110)
 z - a wand of disintegration (20)
 D - a wand of acid (32)
 E - a wand of paralysis (28)
Scrolls
 b - 10 scrolls of remove curse
 k - 10 scrolls of identify
 o - 3 scrolls of magic mapping
 s - 3 scrolls of fear
 v - 5 scrolls of fog
 K - a scroll of enchant weapon
Potions
 a - 5 potions of flight
 d - 2 potions of ambrosia
 g - 3 potions of cancellation
 i - 5 potions of heal wounds
 j - 12 potions of curing
 l - 3 potions of resistance
 m - 8 potions of lignification
 p - 5 potions of might
 A - 3 potions of mutation
 C - 4 potions of invisibility
 G - a potion of stabbing
Books
 e - a manual of Fighting


   Skills:
 + Level 17.4 Fighting
 + Level 16.6 Staves
 + Level 17.0 Armour
 + Level 12.6 Shields


You had 16 spell levels left.
You didn't know any spells.
Your spell library contained the following spells:

 Spells                   Type           Power        Failure   Level
 Animate Skeleton         Necr           #.....       94%         1
 Apportation              Tloc           #.....       94%         1
 Corona                   Hex            #......      94%         1
 Freeze                   Ice            #...         94%         1
 Pain                     Necr           #...         94%         1
 Sandblast                Erth           #.....       94%         1
 Summon Small Mammal      Summ           #...         94%         1
 Passwall                 Tmut/Erth      #.......     98%         2
 Frozen Ramparts          Ice            #.....       100%        3
 Ozocubu's Armour         Ice            #.......     100%        3
 Stone Arrow              Conj/Erth      #.....       100%        3
 Vampiric Draining        Necr           #.........   100%        3
 Animate Dead             Necr           #.........   100%        4
 Hailstorm                Conj/Ice       #.......     100%        4
 Petrify                  Tmut/Erth      #.......     100%        4
 Summon Ice Beast         Ice/Summ       #.......     100%        4
 Agony                    Necr           #.......     100%        5
 Lee's Rapid Deconstruct  Erth           #.........   100%        5


Dungeon Overview and Level Annotations

Branches:
Dungeon (15/15)            Temple (1/1) D:6            Lair (6/6) D:11
 Shoals (0/4) Lair:3       Spider (3/4) Lair:3        Slime (0/5) Lair:5
    Orc (2/2) D:11            Elf (0/3) Orc:2        Vaults (0/5) D:13
 Depths (0/5) D:15        Gauntlet (visited)

Altars:
Ashenzari
Cheibriados
Dithmenos
Elyvilon
Fedhas
Gozag
Hepliaklqana
Kikubaaqudgha
Makhleb
Nemelex Xobeh
Okawaru
Qazlal
Ru
Sif Muna
Trog
Uskayaw
Vehumet
Wu Jian
Xom
Yredelemnul
Zin
The Shining One
Jiyva

Shops:
D:10 (   D:11 ?*   D:14 ![   Orc:2 ([*}*


Innate Abilities, Weirdness & Mutations

You cannot be hasted, slowed, berserked, paralysed or teleported.
You can dig through walls and to a lower floor.
Your four strong arms can wield two-handed weapons with a shield.
You have a pair of large antennae on your head. (SInv)


Message History

The spark wasp stings you! The spark wasp shocks you!
* * * LOW HITPOINT WARNING * * *
You block the redback's attack. The redback barely misses you.
The redback bites you but does no damage.
You slice the spark wasp!!
The spark wasp is moderately wounded.
The redback bites you but does no damage.
The spark wasp stings you but does no damage.
You block the redback's attack.
The redback bites you but does no damage.
You block the redback's attack. The redback bites you.
* * * LOW HITPOINT WARNING * * *
You miss the spark wasp.
The spark wasp is moderately wounded.
You block the redback's attack. The redback bites you.
* * * LOW HITPOINT WARNING * * *
The spark wasp stings you!
* * * LOW HITPOINT WARNING * * *
The spark wasp shocks you!
You die...

#.....^######..(
####.....## ...
#<.^(.....# ...
####.......##
##.#.......##
#..^^.......#
##....^^##.^...
#$..ss####......
#..ws@# #......
#...syss.#...#^.
##..ss...# .#
#.....###
...^/### .....##
##..^# ##..


You could see a spark wasp, a torpor snail, 2 tarantellas and 6 redbacks.

Vanquished Creatures
  Gastronok (Lair:3)
  Donald (Lair:3)
  A caustic shrike zombie (D:15)
  An emperor scorpion (Lair:3)
  A minotaur (Orc:1)
  The ghost of Voelai the Fighter, a journeyman MiFi of Dithmenos (Orc:1)
  The ghost of Kecisof the Cleaver, a journeyman DDFi of Makhleb (Lair:2)
  A merfolk impaler (Orc:1)
  Josephine (D:12)
  A naga warrior (Orc:1)
  8 vault guards (D:13)
  6 centaur warriors
  2 two-headed ogres
  7 hydras
  4 death yaks (Lair:6)
  3 tengu warriors
  3 orc high priests (Orc:2)
  A vampire mage (D:15)
  2 skeletal warriors (D:15)
  A deep elf archer (Orc:1)
  A lindwurm (Lair:6)
  7 orb spiders
  A necromancer (D:15)
  Pikel (D:4)
  A wolf spider zombie (D:15)
  The ghost of SatoMori the Grasshopper, a novice GnWr of Ashenzari (D:5)
  2 oklob plants
  A deep elf mage (D:14)
  3 ugly things
  A tengu skeleton (D:15)
  A cyclops (D:13)
  5 orc sorcerers
  11 wolf spiders
  5 orc knights
  3 elephants (Lair:4)
  A manticore (D:14)
  A moth of wrath (Lair:3)
  4 black mambas
  9 cane toads
  A gargoyle (D:13)
  2 rime drakes (Lair:4)
  2 kobold demonologists
  A redback zombie (D:14)
  A freezing wraith (D:14)
  4 demonic crawlers
  The ghost of HoaS the Grappler, a novice GrGl (D:5)
  A troll (shapeshifter) (D:15)
  An efreet (D:15)
  14 komodo dragons
  2 tengu conjurers
  30 jumping spiders
  7 trolls
  3 polar bears (Lair:6)
  12 blink frogs
  6 hornets
  9 hippogriffs
  14 slime creatures
  5 dream sheep
  15 spriggans (Lair:6)
  41 redbacks
  21 yaks
  An ice dragon skeleton (D:15)
  A shadow (D:11)
  5 wraiths (D:12)
  8 tarantellas
  A vampire (D:13)
  The ghost of p0werm0de the Skirmisher, an amateur MiFi of Makhleb (D:5)
  4 wyverns
  A basilisk (Lair:1)
  5 vampire mosquitoes (D:14)
  A steam dragon (shapeshifter) (D:14)
  5 wargs
  A soldier ant (D:12)
  11 water moccasins
  25 orc warriors
  8 porcupines
  4 sky beasts
  6 ice beasts
  A hornet zombie (D:12)
  2 eyes of draining
  9 black bears
  A necrophage (D:12)
  7 ogres
  36 wolves
  A phantom (D:12)
  4 boggarts (Lair:6)
  21 centaurs
  10 crocodiles
  A big kobold (D:11)
  A gnoll sergeant (D:11)
  18 bullfrogs
  A wyvern zombie (D:12)
  A wyvern skeleton (D:14)
  5 scorpions
  A tengu zombie (D:15)
  19 killer bees
  20 wights
  3 howler monkeys (D:10)
  3 electric eels (D:8)
  A bullfrog zombie (D:12)
  4 centaur zombies
  7 hounds
  4 quasits
  2 bullfrog skeletons
  7 jellies
  Crazy Yiuf (D:7)
  A gnoll shaman (D:5)
  22 orc priests
  25 orc wizards
  9 centaur skeletons
  4 iguanas
  10 worker ants
  A hound zombie (D:10)
  A worker ant zombie (D:7)
  12 adders
  14 gnolls
  2 shadow imps
  4 white imps
  An ufetubus (D:8)
  3 oozes
  An adder zombie (D:8)
  An adder skeleton (D:8)
  2 worms
  The ghost of Lanoc the Sneak, a weakling VSDe of Cheibriados (D:5)
  8 leopard geckos
  96 orcs
  4 giant cockroaches
  10 goblins
  9 hobgoblins
  17 jackals
  12 kobolds
  5 quokkas
  3 ball pythons
  5 bats
  5 frilled lizards
  A jackal zombie (D:7)
  4 rats
  A bush (Lair:4)
872 creatures vanquished.

Vanquished Creatures (others)
  An orb spider (Spider:1)
  20 fungi
  19 plants
  11 withered plants
51 creatures vanquished.

Grand Total: 923 creatures vanquished

Notes
Turn   | Place    | Note
-------+----------+-------------------------------------------
     0 | D:1      | HoaS the Formicid Fighter began the quest for the Orb.
     0 | D:1      | Reached XP level 1. HP: 18/18 MP: 1/1
   208 | D:1      | Reached XP level 2. HP: 24/24 MP: 2/2
   311 | D:1      | Reached XP level 3. HP: 26/29 MP: 3/3
   763 | D:2      | Noticed a scorpion
   786 | D:2      | Killed a scorpion
   786 | D:2      | Reached XP level 4. HP: 11/35 MP: 4/4
  1209 | D:2      | Reached XP level 5. HP: 41/41 MP: 5/5
  1334 | D:2      | Found a white marble altar of Elyvilon.
  1457 | D:2      | Found a basalt altar of Yredelemnul.
  1459 | D:2      | Found a snail-covered altar of Cheibriados.
  1870 | D:3      | Reached skill level 5 in Shields
  2220 | D:3      | Reached XP level 6. HP: 46/47 MP: 6/6
  2618 | D:3      | Found an ornate altar of the Wu Jian Council.
  2623 | D:3      | Found a glowing silver altar of Zin.
  2630 | D:3      | Reached skill level 5 in Staves
  2631 | D:3      | Found a bloodstained altar of Trog.
  2648 | D:3      | Found a shimmering blue altar of Sif Muna.
  2822 | D:3      | Found a shadowy altar of Dithmenos.
  3238 | D:4      | Reached XP level 7. HP: 52/52 MP: 7/7
  3630 | D:4      | Noticed Pikel
  3667 | D:4      | Killed Pikel
  3667 | D:4      | Reached XP level 8. HP: 33/58 MP: 8/8
  4064 | D:5      | Entered Level 5 of the Dungeon
  4304 | D:5      | Found a runed translucent gate.
  4304 | D:5      | Found a runed translucent gate.
  4304 | D:5      | Noticed p0werm0de's ghost (amateur MiFi)
  4642 | D:5      | Found a runed translucent gate.
  4642 | D:5      | Noticed HoaS's ghost (novice GrGl)
  4643 | D:5      | Noticed SatoMori's ghost (novice GnWr)
  4643 | D:5      | Noticed Lanoc's ghost (weakling VSDe)
  4857 | D:6      | Found a sacrificial altar of Ru.
  4907 | D:6      | Reached XP level 9. HP: 64/64 MP: 9/9
  4945 | D:6      | Found a staircase to the Ecumenical Temple.
  4955 | Temple   | Entered the Ecumenical Temple
  5250 | Temple   | Became a worshipper of Makhleb the Destroyer
  5416 | D:6      | Found an ancient bone altar of Kikubaaqudgha.
  5709 | D:7      | Got an ichor-stained ring mail
  5710 | D:7      | Identified the cursed +1 ring mail of the Vaults {rPois}
                  | (You found it on level 7 of the Dungeon)
  6189 | D:7      | Found a sparkling altar of Nemelex Xobeh.
  6524 | D:7      | Found a runed translucent door.
  6525 | D:7      | Noticed Crazy Yiuf
  6630 | D:7      | Killed Crazy Yiuf
  6783 | D:8      | Reached skill level 10 in Staves
  6876 | D:8      | Reached * piety under Makhleb
  7204 | D:8      | Noticed a hippogriff
  7219 | D:8      | Reached XP level 10. HP: 70/70 MP: 10/10
  7737 | D:8      | Found a bloodstained altar of Trog.
  7854 | D:8      | Reached ** piety under Makhleb
  8719 | D:9      | Found a hide-covered altar of Uskayaw.
  8809 | D:9      | Found the +3 Elemental Staff {rElec rF++ rC++ MR++ AC+5}
  9060 | D:9      | Found an iron altar of Okawaru.
  9274 | D:10     | Entered Level 10 of the Dungeon
  9275 | D:10     | Found Cuyfol's Antique Weapon Shoppe.
  9884 | D:10     | Reached XP level 11. HP: 75/75 MP: 11/11
  9927 | D:10     | Reached *** piety under Makhleb
 11176 | D:11     | Reached skill level 5 in Fighting
 11176 | D:11     | Reached skill level 5 in Armour
 11206 | D:11     | Found a staircase to the Orcish Mines.
 11397 | D:11     | Reached **** piety under Makhleb
 11431 | D:11     | Found a staircase to the Lair.
 11500 | D:11     | Found Tehor's Magic Scroll Shop.
 11795 | D:11     | Found Ofotiugret's Elemental Accessories.
 11962 | D:11     | Noticed a two-headed ogre
 11976 | D:11     | Killed a two-headed ogre
 12347 | Lair:1   | Entered Level 1 of the Lair of Beasts
 12939 | Lair:1   | Noticed a six-headed hydra
 12965 | Lair:1   | Reached XP level 12. HP: 60/91 MP: 12/12
 12974 | Lair:1   | Killed a six-headed hydra
 13771 | Lair:2   | Reached ***** piety under Makhleb
 13823 | Lair:2   | Found a runed translucent gate.
 13827 | Lair:2   | Found a runed translucent gate.
 13827 | Lair:2   | Found a runed translucent gate.
 13829 | Lair:2   | Found a viscous altar of Jiyva.
 13829 | Lair:2   | Noticed Kecisof's ghost (journeyman DDFi)
 14518 | D:5      | Killed p0werm0de's ghost
 14550 | D:5      | Killed SatoMori's ghost
 14552 | D:5      | Killed HoaS's ghost
 14554 | D:5      | Killed Lanoc's ghost
 14831 | Lair:3   | Noticed Gastronok
 14893 | Lair:3   | Killed Gastronok
 14893 | Lair:3   | Reached skill level 10 in Fighting
 14893 | Lair:3   | Reached skill level 10 in Armour
 15388 | Lair:3   | Found a staircase to the Shoals.
 15392 | Lair:3   | Noticed an eight-headed hydra
 15420 | Lair:3   | Killed an eight-headed hydra
 15420 | Lair:3   | Reached XP level 13. HP: 64/104 MP: 13/13
 15750 | Lair:3   | Found a hole to the Spider Nest.
 16116 | Lair:4   | Found a gate leading to a gauntlet.
 16131 | Gauntlet | Entered a Gauntlet
 16131 | Gauntlet | Found a transporter.
 16138 | Gauntlet | Found a transporter.
 16140 | Gauntlet | Found a transporter.
 16149 | Gauntlet | Found a transporter.
 16151 | Gauntlet | Found a transporter.
 16160 | Gauntlet | Found a transporter.
 16176 | Gauntlet | Found a transporter.
 16186 | Gauntlet | Found a transporter.
 16188 | Gauntlet | Found the amulet of Vitality {Regen+ HP+15}
 16196 | Gauntlet | Found a transporter.
 16196 | Gauntlet | Found a runed translucent door.
 16199 | Gauntlet | Noticed a green death
 16204 | Gauntlet | Found a runed translucent door.
 16208 | Gauntlet | Found a transporter.
 16208 | Gauntlet | Found a transporter.
 16222 | Gauntlet | Found a transporter.
 16230 | Gauntlet | Found a runed translucent door.
 16231 | Gauntlet | Found a transporter.
 16232 | Gauntlet | Found a runed translucent door.
 16232 | Gauntlet | Found a transporter.
 16479 | Lair:4   | Noticed a four-headed hydra
 16493 | Lair:4   | Killed a four-headed hydra
 18184 | Lair:5   | Found a staircase to the Slime Pits.
 18612 | Lair:6   | Entered Level 6 of the Lair of Beasts
 18677 | Lair:6   | Reached XP level 14. HP: 118/118 MP: 14/14
 19392 | Lair:6   | Reached ****** piety under Makhleb
 19954 | Lair:2   | Killed Kecisof's ghost
 20407 | D:12     | Noticed Josephine
 20418 | D:12     | Killed Josephine
 20781 | D:12     | Reached XP level 15. HP: 127/127 MP: 15/15
 21383 | Orc:1    | Entered Level 1 of the Orcish Mines
 21535 | Orc:1    | Found a runed translucent gate.
 21535 | Orc:1    | Found a runed translucent gate.
 21535 | Orc:1    | Found a runed translucent gate.
 21537 | Orc:1    | Noticed Voelai's ghost (journeyman MiFi)
 21546 | Orc:1    | Found an iron altar of Okawaru.
 21964 | Orc:1    | Killed Voelai's ghost
 21964 | Orc:1    | Reached skill level 10 in Shields
 21985 | Orc:1    | Reached skill level 15 in Fighting
 21985 | Orc:1    | Reached skill level 15 in Armour
 22037 | Orc:2    | Entered Level 2 of the Orcish Mines
 22085 | Orc:2    | Found Uxammut's Assorted Antiques.
 22394 | Orc:2    | Reached skill level 15 in Staves
 22545 | Orc:2    | Found Ducoc's Weapon Boutique.
 22545 | Orc:2    | Found Geulies's Gadget Emporium.
 22547 | Orc:2    | Found Sehinwa's General Store.
 22547 | Orc:2    | Found Sauff's Armour Boutique.
 22558 | Orc:2    | Bought a +2 spectral quarterstaff for 330 gold pieces
 22561 | Orc:2    | Bought a +2 plate armour of poison resistance for 555 gold
                  | pieces
 22638 | Orc:2    | Found a staircase to the Elven Halls.
 23387 | D:13     | Found a gate to the Vaults.
 23576 | D:13     | Reached XP level 16. HP: 137/137 MP: 16/16
 24350 | D:14     | Found Reifa's Armour Emporium.
 24375 | D:14     | Bought a +1 cloak of poison resistance for 202 gold pieces
 24375 | D:14     | Bought a +3 plate armour of fire resistance for 675 gold
                  | pieces
 24598 | D:14     | Found Taup's Distillery.
 24739 | D:15     | Entered Level 15 of the Dungeon
 25002 | D:15     | Found a staircase to the Depths.
 25079 | D:15     | Found a stormy altar of Qazlal.
 25832 | Spider:1 | Entered Level 1 of the Spider Nest
 26029 | Spider:1 | Noticed Donald
 26085 | Lair:3   | Killed Donald
 27850 | Lair:3   | Reached XP level 17. HP: 146/146 MP: 17/17
 28974 | Spider:2 | Found the +4 Cigotuvi's embrace {rRot *Drain rN+}
 29653 | Spider:3 | Slain by a spark wasp

Illustrated notes

Levels and vault maps discovered:
D:1:      tarquinn_simple_flora_water_c, layout_rooms
D:2:      layout_basic, elyvilon_altar_3,
          chequers_temple_overflow_statue_of_worship
D:3:      layout_basic, minitemple
D:4:      layout_cave_pools, grunt_ministairs_8, uniq_pikel
D:5:      layout_cave_pods, gammafunk_ghost_cemetery
D:6:      layout_rooms, kiku_gazebo_garden_becter, old_standard_altar,
          minmay_temple_entry_statues_fountains
D:7:      layout_basic, kennysheep_little_box, minmay_strange_pillars,
          uniq_crazy_yiuf_cottage
D:8:      layout_basic, serial_ice, serial_ice_b, serial_ice_m, serial_ice_d,
          serial_ice_j, trog_ov_bears_minmay
D:9:      layout_basic, okawaru_altar_gauntlet_db, kennysheep_mini
D:10:     layout_layer_cave, serial_shops, nicolae_shop_statue_plus
D:11:     layout_roguey, lair_entry_dummy, minmay_orc_entry_guard_dogs,
          serial_shops, shop_statue, nicolae_elemental_shop, grunt_ogre_cave
D:12:     layout_grid_maze, uniq_josephine
D:13:     layout_long_grid, erik_vaults_2, serial_glass, glass_columns_a,
          glass_columns_c, glass_columns_c, glass_columns_a, glass_columns_a,
          glass_columns_b, glass_columns_b, glass_columns_b, minmay_puff
D:14:     layout_basic, serial_shops, nicolae_shop_competitors_out_of_business,
          nicolae_shop_stone, kennysheep_path_1
D:15:     gammafunk_depths_entry_grave, layout_loops_ring, glass_columns_c,
          nicolae_qazlal_style_of_elements
Temple:   compressed_dpeg_triangle_lava_temple
Lair:1:   layout_roguey, minivault_19, beast_lair_carwin_5
Lair:2:   layout_roguey, gammafunk_ghost_ooze
Lair:3:   layout_cave_pods, minmay_shoals_entry_centaurs, dummy_spider_entry,
          uniq_gastronok
Lair:4:   layout_cave_pods, gauntlet_entry_generic, minmay_lair_oklob_bushes,
          serial_bayou_pond_c, grunt_megastairs_5
Lair:5:   dpeg_oklob_gauntlet, layout_concentric_octagons,
          minmay_slime_entry_pillars, st_stairs_8
Lair:6:   minmay_lair_end_enchanted_forest, layout_regular_city,
          chequers_serial_rivers_micro_e, serial_bayou_shore_b,
          lemuel_fruit_tree
Spider:1: layout_spider_delve, guppyfry_spider_mini_3, uniq_donald
Spider:2: layout_spider_delve
Spider:3: layout_spider_delve
Orc:1:    layout_caves, gammafunk_ghost_fury_of_okawaru
Orc:2:    grunt_orc_tribal_feast, layout_diamond_mine, serial_shops, shop

Skill      XL: |  1  2  3  4  5  6  7  8  9 10 11 12 13 14 15 16 17 |
---------------+----------------------------------------------------+-----
Shields        | 4 5 7 8 9 10 12 | 12.6
Staves         | 3 4 5 7 8 11 13 14 15 16 | 16.6
Fighting       | 7 10 13 14 15 16 17 | 17.4
Armour         | 7 10 13 14 15 16 17 | 17.0

Action                   |  1- 3 |  4- 6 |  7- 9 | 10-12 | 13-15 | 16-18 || total
-------------------------+-------+-------+-------+-------+-------+-------++-------
Melee: Quarterstaff      |    72 |   201 |   386 |  1076 |    65 |     7 ||  1807
       Lajatang          |       |       |       |       |  1241 |   658 ||  1899
 Abil: Dig               |       |       |       |    14 |    18 |    10 ||    42
Evoke: Wand              |       |       |       |       |       |     9 ||     9
  Use: Scroll            |     6 |     8 |     7 |    10 |    11 |     5 ||    47
       Potion            |       |       |     1 |     1 |       |     6 ||     8
Armor: Scale mail        |    23 |    12 |       |       |       |       ||    35
       Chain mail        |       |    67 |    73 |       |       |       ||   140
       Plate armour      |       |       |    45 |   311 |   428 |   510 ||  1294
Dodge: Dodged            |    21 |    71 |    80 |   230 |   274 |   307 ||   983
Block: Kite shield       |    41 |   127 |   197 |   469 |   589 |   614 ||  2037

Table legend: (Time is in decaauts)
 A = Elapsed time spent in this place.
 B = Non-inter-level travel time spent in this place.
 C = Inter-level travel time spent in this place.
 D = Time resting spent in this place.
 E = Time spent auto-exploring this place.
 F = Levels seen in this place.
 G = Mean time per level.
                   A        B        C        D        E       F      G
               +--------+--------+--------+--------+--------+-----+--------+
         Total |  28621 |  26784 |   1837 |   6263 |  14591 |  28 | 1022.2 |
       Dungeon |  16291 |  15106 |   1185 |   2723 |   9146 |  15 | 1086.1 |
        Temple |    305 |    305 |      0 |      0 |    275 |   1 |  305.0 |
          Lair |   9055 |   8469 |    586 |   3214 |   3583 |   6 | 1509.2 |
   Spider Nest |   1439 |   1421 |     18 |    254 |    817 |   3 |  479.7 |
  Orcish Mines |   1232 |   1185 |     47 |     72 |    585 |   2 |  616.0 |
      Gauntlet |    296 |    296 |      0 |      0 |    184 |   1 |  296.0 |
               +--------+--------+--------+--------+--------+-----+--------+

Top non-repeatable levels by time:
  Lair:3: 3500 daAuts
  Lair:4: 1697 daAuts
     D:9: 1636 daAuts
     D:8: 1562 daAuts
     D:3: 1504 daAuts
  Lair:1: 1374 daAuts
    D:10: 1332 daAuts
    D:11: 1323 daAuts
    D:12: 1176 daAuts
  Lair:6: 1150 daAuts
     D:2: 1117 daAuts
    D:13: 1052 daAuts
     D:7: 927 daAuts
     D:4: 896 daAuts
     D:5: 882 daAuts
